 Dungeon Crawl Stone Soup version 0.20.1-1-g8b1a95d (webtiles) character file.

77 vishdafish the Skirmisher (level 4, 0/35 HPs)
             Began as a Demonspawn Fighter on July 3, 2017.
             Was a Follower of Yredelemnul.
             Slain by Sigmund
             ... wielding a +1 scythe of venom
              (8 damage)
             ... on level 2 of the Dungeon.
             The game lasted 00:02:20 (1439 turns).

vishdafish the Skirmisher (Demonspawn Fighter)      Turns: 1439, Time: 00:02:21

Health: 0/35       AC:  9    Str: 17    XL:     4   Next: 13%
Magic:  4/4        EV:  7    Int: 16    God:    Yredelemnul [*.....]
Gold:   38         SH:  9    Dex: 12    Spells: 3/3 levels left

rFire    . . .     SeeInvis .   a - +0 trident
rCold    + . .     Gourm    .   c - +0 shield
rNeg     . . .     Faith    .   b - +0 scale mail
rPois    .         Spirit   .   i - +1 hat
rElec    .         Reflect  .   (no cloak)
rCorr    .         Harm     .   (no gloves)
MR       .....                  e - +0 pair of boots
Stlth    ..........             (no amulet)
Regen    0.2/turn               m - ring of loudness (curse)
MPRegen  0.1/turn               t - +6 ring of intelligence

@: lethally poisoned (0 -> -27)
A: hooves 1, cold resistance 1
a: Animate Remains, Renounce Religion


You were on level 2 of the Dungeon.
You worshipped Yredelemnul.
Yredelemnul was aware of your devotion.
You were very hungry.

You visited 1 branch of the dungeon, and saw 2 of its levels.

You collected 38 gold pieces.

Inventory:

Hand Weapons
 a - a +0 trident (weapon)
Armour
 b - a +0 scale mail (worn)
 c - a +0 shield (worn)
 e - a +0 pair of boots (worn)
 i - a +1 hat (worn)
Jewellery
 m - a cursed ring of loudness (left hand)
 t - a +6 ring of intelligence (right hand)
Scrolls
 h - a scroll of teleportation {unknown}
 j - 3 scrolls of identify {unknown}
 k - a scroll of enchant weapon {unknown}
 l - a scroll of fear {unknown}
Potions
 d - a potion of might
 n - a potion of lignification {unknown}
 o - a potion of brilliance {unknown}
 p - a potion of magic {unknown}
 r - a potion of heal wounds {unknown}
 s - a potion of haste {unknown}
 u - a potion of berserk rage {unknown}
Comestibles
 f - 2 bread rations
 g - 11 fruits
 q - a meat ration


   Skills:
 + Level 3.4 Fighting
 + Level 2.5 Polearms
 + Level 3.2 Armour
 + Level 0.5 Dodging
 + Level 3.1 Shields
 + Level 0.3 Invocations


You had 3 spell levels left.
You didn't know any spells.

Dungeon Overview and Level Annotations

Branches:
Dungeon (2/15)

Altars:
Sif Muna
Yredelemnul

Annotations:
D:2 Sigmund


Innate Abilities, Weirdness & Mutations

You have large cloven feet.
Your flesh is cold resistant. (rC+)


Message History

You are more poisoned.
You hit something.
You feel sick.
You hear some strange, mumbled words.
Something tries to affect you, but you resist.
You hit something.
You feel sick. Something hits you.
You are more poisoned.
You miss something.
You feel sick. Something hits you.
You are lethally poisoned!
You puncture something!
You feel very sick.
Your shield prevents you from hitting something.
You feel very sick. Something hits you but does no damage.
You are more poisoned.
You hit something but do no damage.
* * * LOW HITPOINT WARNING * * *
You feel very sick. Something hits you!
You die...
Your body rises from the dead as a mindless zombie.

#######.#######
.## #.# ...# #.#
...# #.#####
###..## #.....#
#.....# #####.#
#....# #.# #.# #.#
#.# #.# #@# #.#
#Z# #.# #.# #.#
#.# #.# #.# #.#
#.# ##.# #.#
#########..####.#
##...........Z...#


You could see a friendly goblin zombie.

Vanquished Creatures
  Jessica (D:2)
  An adder (D:2)
  3 worms (D:2)
  A dart slug (D:1)
  2 giant cockroaches (D:1)
  5 goblins
  4 hobgoblins (D:2)
  2 ball pythons (D:1)
  7 bats
  2 frilled lizards (D:1)
  2 kobolds (D:2)
  3 rats
33 creatures vanquished.

Notes
Turn   | Place    | Note
-------+----------+-------------------------------------------
     0 | D:1      | vishdafish the Demonspawn Fighter began the quest for the Orb.
     0 | D:1      | Reached XP level 1. HP: 18/18 MP: 1/1
   375 | D:1      | Gained mutation: Your flesh is cold resistant. (rC+) [demonic ancestry]
   375 | D:1      | Reached XP level 2. HP: 24/24 MP: 2/2
   847 | D:2      | Noticed Jessica
   852 | D:2      | Killed Jessica
   852 | D:2      | Reached XP level 3. HP: 26/29 MP: 3/3
   871 | D:2      | Found a faded altar of an unknown god.
   888 | D:2      | Became a worshipper of Yredelemnul the Dark
   888 | D:2      | Reached * piety under Yredelemnul
  1101 | D:2      | Gained mutation: You have large cloven feet. [demonic ancestry]
  1101 | D:2      | Reached XP level 4. HP: 35/35 MP: 4/4
  1158 | D:2      | Found a deep blue altar of Sif Muna.
  1423 | D:2      | Noticed Sigmund
  1439 | D:2      | Slain by Sigmund

Skill      XL: |  1  2 |
---------------+-------+-----
Polearms       | 2 |  2.5
Armour         | 3 |  3.2
Shields        | 3 |  3.1
Fighting       | |  3.4
Dodging        | |  0.5
Invocations    | |  0.3

Action                   |  1- 3 |  4- 6 || total
-------------------------+-------+-------++-------
Melee: Trident           |    95 |    22 ||   117
Invok: Animate Remains   |     1 |       ||     1
  Eat: Chunk             |     1 |       ||     1
Armor: Scale mail        |    42 |     6 ||    48
Dodge: Dodged            |    28 |     3 ||    31
Block: Shield            |    40 |     4 ||    44
